ITL
RICHMOND FLAIRS @ PORTLAND PRIVATEERS
08/30/2029
 
TOP OF THE 1ST
Richmond Flairs batting - Pitching for Portland Privateers : RHP Carlos Molina
Pitching: RHP Carlos Molina
Batting: RHB Jeff Bane 0-0: SINGLE (Groundball, 34S) (infield hit)
Batting: LHB Dave Gray 0-0: Called Strike
Pickoff Throw to First - Error! E1
Jeff Bane to second
0-1: Foul Ball, location: 2F
0-2: Foul Ball, location: 2F
0-2: SINGLE (Flyball, 8LS)
Jeff Bane to third
Runner from 3rd tries for Home, SAFE, no throw
Batting: LHB Luis Villa 0-0: Ball
1-0: Ball
2-0: Called Strike
2-1: Swinging Strike
2-2: Fly out, F7 (Flyball, 7LM)
Batting: LHB Sean Nicks 0-0: Ball
1-0: Ball
2-0: Swinging Strike
2-1: Foul Ball, location: 2F
2-2: Ball
3-2: Foul Ball, location: 2F
3-2: Base on Balls
Dave Gray to second
Batting: LHB Roland Jones 0-0: SINGLE (Groundball, 4MD)
Dave Gray to third
Sean Nicks to second
Batting: LHB R.J. Courtney 0-0: Ball
1-0: SINGLE (Flyball, 9LS)
Dave Gray scores
Sean Nicks to third
Roland Jones to second
Batting: RHB Robert Marks 0-0: Foul Ball, location: 2F
0-1: GRAND SLAM HOME RUN (Line Drive, 7LD), Distance : 347 ft
Batting: RHB Miguel Hernández 0-0: Ball
1-0: Ground out 4-3 (Groundball, 4M)
Batting: RHB Christian Hudson 0-0: Called Strike
0-1: Foul Ball, location: 2F
0-2: Strikes out swinging
Top of the 1st over - 6 runs, 5 hits, 1 error, 0 left on base; Richmond 6 - Portland 0
BOTTOM OF THE 1ST
Portland Privateers batting - Pitching for Richmond Flairs : RHP Manny Silva
Pitching: RHP Manny Silva
Batting: SHB José Espinoza 0-0: Called Strike
0-1: Called Strike
0-2: Ball
1-2: Fly out, F6 (Popup, P)
Batting: RHB Dick Slagboom 0-0: Called Strike
0-1: Ball
1-1: Foul Ball, location: 2F
1-2: Ball
2-2: Ball
3-2: Foul Ball, location: 2F
3-2: Ground out 1-3 (Groundball, 13)
Batting: LHB Carter Sweet 0-0: Called Strike
0-1: Ball
1-1: Ball
2-1: Foul Ball, location: 2F
2-2: Strikes out swinging
Bottom of the 1st over - 0 runs, 0 hits, 0 errors, 0 left on base; Richmond 6 - Portland 0
TOP OF THE 2ND
Richmond Flairs batting - Pitching for Portland Privateers : RHP Carlos Molina
Batting: RHB Jeff Bane 0-0: Swinging Strike
0-1: Called Strike
0-2: Ball
1-2: Foul Ball, location: 2F
1-2: Foul Ball, location: 2F
1-2: Ball
2-2: Ball
3-2: Fly out, F8 (Line Drive, 8LD)
Batting: LHB Dave Gray 0-0: Ball
1-0: Fly out, F7 (Flyball, 7)
Batting: LHB Luis Villa 0-0: Ball
1-0: Ball
2-0: Ball
3-0: Base on Balls
Batting: LHB Sean Nicks 0-0: Ball
Luis Villa steals 2nd base
1-0: 2-RUN HOME RUN (Flyball, 9LD), Distance : 341 ft
Batting: LHB Roland Jones 0-0: Swinging Strike
0-1: SINGLE (Line Drive, 8LS)
Pitching: RHP Dan Ford
Batting: LHB R.J. Courtney 0-0: Ball
1-0: Foul Ball, location: 2F
1-1: Foul Ball, location: 2F
1-2: Ball
2-2: Ball
3-2: Foul Ball, location: 2F
3-2: Base on Balls
Roland Jones to second
Batting: RHB Robert Marks 0-0: Fly out, F3 (Line Drive, 3)
Top of the 2nd over - 2 runs, 2 hits, 0 errors, 2 left on base; Richmond 8 - Portland 0
BOTTOM OF THE 2ND
Portland Privateers batting - Pitching for Richmond Flairs : RHP Manny Silva
Batting: SHB Cory Campbell 0-0: Ball
1-0: Called Strike
1-1: SINGLE (Flyball, 7S)
Batting: LHB Dillon Beck 0-0: Ball
1-0: Called Strike
1-1: Called Strike
1-2: Ball
Cory Campbell steals 2nd base
2-2: SINGLE (Line Drive, 7LS)
Cory Campbell to third
Batting: RHB José Balina 0-0: Foul Ball, location: 2F
0-1: Ball
1-1: Ball
2-1: Fly out, F9 (Flyball, 9LM)
Runner from 3rd tags up, OUT at HOME
Dillon Beck to second
Batting: RHB Joe Bailey 0-0: Called Strike
0-1: Foul Ball, location: 2F
0-2: Fly out, F8 (Flyball, 8RM)
Bottom of the 2nd over - 0 runs, 2 hits, 0 errors, 1 left on base; Richmond 8 - Portland 0
TOP OF THE 3RD
Richmond Flairs batting - Pitching for Portland Privateers : RHP Dan Ford
Batting: RHB Miguel Hernández 0-0: Ground out 4-3 (Groundball, 4M)
Batting: RHB Christian Hudson 0-0: Ball
1-0: Ball
2-0: Called Strike
2-1: Fly out, F7 (Flyball, 78M)
Batting: RHB Jeff Bane 0-0: Foul Ball, location: 2F
0-1: Ball
1-1: Called Strike
1-2: Ball
2-2: Foul Ball, location: 2F
2-2: Ball
3-2: Base on Balls
Batting: LHB Dave Gray 0-0: Ball
1-0: Called Strike
Throwing error on steal attempt, E2
Jeff Bane to third
1-1: Ball
2-1: Fly out, F7 (Flyball, 78M)
Top of the 3rd over - 0 runs, 0 hits, 1 error, 1 left on base; Richmond 8 - Portland 0
BOTTOM OF THE 3RD
Portland Privateers batting - Pitching for Richmond Flairs : RHP Manny Silva
Batting: RHB Ramiro Gámez 0-0: Ball
1-0: Swinging Strike
1-1: Ball
2-1: Ball
3-1: Ground out 5-3 (Groundball, 5S)
Batting: RHB Luis Pineda 0-0: Foul Ball, location: 2F
0-1: Ball
1-1: Foul Ball, location: 2F
1-2: Foul Ball, location: 2F
1-2: Ball
2-2: Foul Ball, location: 2F
2-2: Fly out, F7 (Flyball, 78S)
Batting: SHB José Espinoza 0-0: Ball
1-0: Ball
2-0: Ball
3-0: Called Strike
3-1: Ground out 4-3 (Groundball, 4)
Bottom of the 3rd over - 0 runs, 0 hits, 0 errors, 0 left on base; Richmond 8 - Portland 0
TOP OF THE 4TH
Richmond Flairs batting - Pitching for Portland Privateers : RHP Dan Ford
Batting: LHB Luis Villa 0-0: Called Strike
0-1: Ground out 4-3 (Groundball, 4)
Batting: LHB Sean Nicks 0-0: Called Strike
0-1: Fly out, F3 (Popup, 3SF)
Batting: LHB Roland Jones 0-0: Ball
1-0: Ball
2-0: Ball
3-0: Base on Balls
Batting: LHB R.J. Courtney 0-0: Swinging Strike
0-1: Ball
1-1: SINGLE (Line Drive, 7S)
Roland Jones to second
Batting: RHB Robert Marks 0-0: Ball
1-0: Ball
2-0: Ball
3-0: Base on Balls
Roland Jones to third
R.J. Courtney to second
Batting: RHB Miguel Hernández 0-0: Ball
1-0: Fly out, F8 (Flyball, 8LM)
Top of the 4th over - 0 runs, 1 hit, 0 errors, 3 left on base; Richmond 8 - Portland 0
BOTTOM OF THE 4TH
Portland Privateers batting - Pitching for Richmond Flairs : RHP Manny Silva
Batting: RHB Dick Slagboom 0-0: Called Strike
0-1: Ball
1-1: Foul Ball, location: 2F
1-2: Foul Ball, location: 2F
1-2: Ball
2-2: Foul Ball, location: 2F
2-2: Foul Ball, location: 2F
2-2: Ball
3-2: SINGLE (Groundball, 6MD)
Batting: LHB Carter Sweet 0-0: Ball
1-0: Ball
2-0: Called Strike
2-1: Swinging Strike
2-2: Ball
3-2: Base on Balls
Dick Slagboom to second
Batting: SHB Cory Campbell 0-0: Swinging Strike
0-1: Ball
1-1: Ball
2-1: Ball
3-1: Foul Ball, location: 2F
3-2: Strikes out looking
Batting: LHB Dillon Beck 0-0: Ball
1-0: Called Strike
1-1: Called Strike
1-2: Fly out, F7 (Line Drive, 7)
Batting: RHB José Balina 0-0: Called Strike
0-1: Ball
1-1: Ball
2-1: Ball
3-1: Base on Balls
Dick Slagboom to third
Carter Sweet to second
Batting: RHB Joe Bailey 0-0: Called Strike
0-1: Foul Ball, location: 2F
0-2: Ball
1-2: Foul Ball, location: 2F
1-2: Ground out 6-3 (Groundball, 6MD)
Bottom of the 4th over - 0 runs, 1 hit, 0 errors, 3 left on base; Richmond 8 - Portland 0
TOP OF THE 5TH
Richmond Flairs batting - Pitching for Portland Privateers : RHP Dan Ford
Batting: RHB Christian Hudson 0-0: Foul Ball, location: 2F
0-1: Foul Ball, location: 2F
0-2: Ball
1-2: Ball
2-2: SINGLE (Groundball, 4MD)
Batting: RHB Jeff Bane 0-0: Fly out, F9 (Flyball, 9S)
Batting: LHB Dave Gray 0-0: Called Strike
0-1: Fielders Choice at 2nd, 4-6 (Groundball, 4M)
Batting: LHB Luis Villa 0-0: Ball
1-0: Called Strike
1-1: Ball
2-1: Ball
3-1: Base on Balls
Dave Gray to second
Batting: LHB Sean Nicks 0-0: Ball
1-0: Called Strike
1-1: Ball
2-1: Ball
3-1: Foul Ball, location: 2F
3-2: Foul Ball, location: 2F
3-2: Base on Balls
Dave Gray to third
Luis Villa to second
Batting: LHB Roland Jones 0-0: Fly out, F7 (Flyball, 7LDF)
Top of the 5th over - 0 runs, 1 hit, 0 errors, 3 left on base; Richmond 8 - Portland 0
BOTTOM OF THE 5TH
Portland Privateers batting - Pitching for Richmond Flairs : RHP Manny Silva
Batting: RHB Ramiro Gámez 0-0: Called Strike
0-1: Ball
1-1: Ball
2-1: Foul Ball, location: 2F
2-2: Foul Ball, location: 2F
2-2: Ball
3-2: Strikes out swinging
Batting: RHB Luis Pineda 0-0: Swinging Strike
0-1: DOUBLE (Line Drive, 89D)
Batting: SHB José Espinoza 0-0: SINGLE (Groundball, 6D)
Luis Pineda to third
Runner from 3rd tries for Home, SAFE, no throw
Pitching: RHP Sandro Gonzáles
Batting: RHB Dick Slagboom 0-0: Ball
1-0: Ball
2-0: Foul Ball, location: 2F
2-1: Foul Ball, location: 2F
2-2: Ball
3-2: Ground out 5-3 (Groundball, 56)
José Espinoza to second
Batting: LHB Carter Sweet 0-0: Fly out, F9 (Flyball, 9LM)
Bottom of the 5th over - 1 run, 2 hits, 0 errors, 1 left on base; Richmond 8 - Portland 1
TOP OF THE 6TH
Richmond Flairs batting - Pitching for Portland Privateers : RHP Dan Ford
Batting: LHB R.J. Courtney 0-0: Ball
1-0: Ball
2-0: Swinging Strike
2-1: SINGLE (Line Drive, 8LS)
Pitching: RHP Alfonso Medina
Batting: RHB Robert Marks 0-0: Called Strike
0-1: Foul Ball, location: 2F
0-2: SINGLE (Flyball, 9LS)
R.J. Courtney to second
Runner from 2nd tries for 3rd, SAFE, throw made to third
Batting: RHB Miguel Hernández 0-0: Ball
1-0: Foul Ball, location: 2F
1-1: Ball
2-1: Ball
3-1: Foul Ball, location: 2F
3-2: Base on Balls
Robert Marks to second
Batting: RHB Christian Hudson 0-0: Ball
1-0: Ball
2-0: SINGLE (Line Drive, 34)
R.J. Courtney scores
Robert Marks to third
Miguel Hernández to second
Batting: RHB Jeff Bane 0-0: Called Strike
0-1: Called Strike
0-2: Ball
1-2: Strikes out swinging
Batting: LHB Dave Gray 0-0: Called Strike
0-1: SINGLE (Groundball, 56D)
Robert Marks scores
Miguel Hernández to third
Christian Hudson to second
Batting: LHB Luis Villa 0-0: Ball
1-0: Ball
2-0: Called Strike
2-1: Ball
3-1: Base on Balls
Miguel Hernández scores
Christian Hudson to third
Dave Gray to second
Batting: LHB Sean Nicks 0-0: Ball
1-0: Foul Ball, location: 2F
1-1: Fly out, F6 (Popup, P)
Batting: LHB Roland Jones 0-0: Ball
1-0: Called Strike
1-1: Swinging Strike
1-2: Ground out 4-3 (Groundball, 34)
Top of the 6th over - 3 runs, 4 hits, 0 errors, 3 left on base; Richmond 11 - Portland 1
BOTTOM OF THE 6TH
Portland Privateers batting - Pitching for Richmond Flairs : RHP Sandro Gonzáles
Batting: SHB Cory Campbell 0-0: Called Strike
0-1: Fly out, F7 (Flyball, 78M)
Batting: LHB Dillon Beck 0-0: Foul Ball, location: 2F
0-1: Foul Ball, location: 2F
0-2: Ball
1-2: SINGLE (Flyball, 9S)
Batting: RHB José Balina 0-0: Called Strike
0-1: Swinging Strike
0-2: Ball
1-2: Ball
2-2: Reached on error, E4 (Groundball, 4)
Dillon Beck to second
Batting: RHB Joe Bailey 0-0: Ball
1-0: 3-RUN HOME RUN (Flyball, 9LD), Distance : 324 ft
Batting: RHB Ramiro Gámez 0-0: Ball
1-0: Called Strike
1-1: Ball
2-1: Foul Ball, location: 2F
2-2: Foul Ball, location: 2F
2-2: Foul Ball, location: 2F
2-2: Strikes out swinging
Batting: RHB Luis Pineda 0-0: Called Strike
0-1: Ball
1-1: Ball
2-1: Foul Ball, location: 2F
2-2: Fly out, F9 (Flyball, 9S)
Bottom of the 6th over - 3 runs, 2 hits, 1 error, 0 left on base; Richmond 11 - Portland 4
TOP OF THE 7TH
Richmond Flairs batting - Pitching for Portland Privateers : RHP Alfonso Medina
Batting: LHB R.J. Courtney 0-0: Ball
1-0: Ball
2-0: Ball
3-0: Foul Ball, location: 2F
3-1: Base on Balls
Batting: RHB Robert Marks 0-0: Fly out, F8 (Flyball, 8LXD)
Runner from 1st tags up, SAFE at 2nd
Batting: RHB Miguel Hernández 0-0: Foul Ball, location: 2F
0-1: Ball
1-1: Ball
2-1: SINGLE (Groundball, 4MD)
R.J. Courtney to third
Batting: RHB Christian Hudson 0-0: Called Strike
0-1: Called Strike
0-2: 3-RUN HOME RUN (Flyball, 7D), Distance : 370 ft
Batting: RHB Jeff Bane 0-0: Ball
1-0: Ball
2-0: SINGLE (Groundball, 6MD)
Batting: LHB Dave Gray 0-0: Ball
1-0: Ball
2-0: Ball
3-0: Called Strike
3-1: Base on Balls
Jeff Bane to second
Pitching: RHP Tom Clement
Batting: LHB Luis Villa 0-0: Foul Ball, location: 2F
0-1: Foul Ball, location: 2F
0-2: Foul Ball, location: 2F
0-2: Ball
1-2: Ball
2-2: Ball
3-2: Foul Ball, location: 2F
3-2: Foul Ball, location: 2F
3-2: Base on Balls
Jeff Bane to third
Dave Gray to second
Batting: LHB Sean Nicks 0-0: SINGLE (Groundball, 56D)
Jeff Bane scores
Dave Gray to third
Luis Villa to second
Batting: LHB Roland Jones 0-0: Ball
1-0: GRAND SLAM HOME RUN (Flyball, 9D), Distance : 455 ft
Batting: LHB R.J. Courtney 0-0: Swinging Strike
0-1: Ball
1-1: Ball
2-1: Ground out U3 (Groundball, 3)
Batting: RHB Robert Marks 0-0: Ball
1-0: Swinging Strike
1-1: Foul Ball, location: 2F
1-2: Foul Ball, location: 2F
1-2: SOLO HOME RUN (Flyball, 89XD), Distance : 410 ft
Batting: RHB Miguel Hernández 0-0: Called Strike
0-1: Foul Ball, location: 2F
0-2: SINGLE (Line Drive, 6M)
Batting: RHB Christian Hudson 0-0: Foul Ball, location: 2F
0-1: Ball
1-1: SINGLE (Groundball, 4D)
Miguel Hernández to second
Runner from 2nd tries for 3rd, SAFE, no throw
Batting: RHB Jeff Bane 0-0: Ball
1-0: Ball
2-0: Fly out, F7 (Line Drive, 78D)
Top of the 7th over - 9 runs, 8 hits, 0 errors, 2 left on base; Richmond 20 - Portland 4
BOTTOM OF THE 7TH
Portland Privateers batting - Pitching for Richmond Flairs : RHP Sandro Gonzáles
Batting: SHB José Espinoza 0-0: Ball
1-0: Fly out, F8 (Flyball, 89XD)
Batting: RHB Dick Slagboom 0-0: Called Strike
0-1: Ball
1-1: Ball
2-1: Ball
3-1: Foul Ball, location: 2F
3-2: Ground out U3 (Groundball, 3)
Batting: LHB Carter Sweet 0-0: Called Strike
0-1: Called Strike
0-2: Ball
1-2: Ball
2-2: SINGLE (Groundball, 34S) (infield hit)
Batting: SHB Cory Campbell 0-0: Ball
1-0: Called Strike
1-1: Ball
2-1: Swinging Strike
2-2: Strikes out swinging
Bottom of the 7th over - 0 runs, 1 hit, 0 errors, 1 left on base; Richmond 20 - Portland 4
TOP OF THE 8TH
Richmond Flairs batting - Pitching for Portland Privateers : RHP Tom Clement
Batting: LHB Dave Gray 0-0: Swinging Strike
0-1: Ball
1-1: Ball
2-1: Ball
3-1: SINGLE (Groundball, 4MD)
Pitching: LHP Josh Chamberlain
Batting: LHB Luis Villa 0-0: Called Strike
0-1: Ball
1-1: Foul Ball, location: 2F
1-2: Ball
2-2: Ball
3-2: Foul Ball, location: 2F
3-2: Strikes out swinging
Batting: LHB Sean Nicks 0-0: Ball
1-0: Foul Ball, location: 2F
1-1: Ball
2-1: Foul Ball, location: 2F
2-2: Strikes out swinging
Batting: LHB Roland Jones 0-0: Ball
1-0: Called Strike
1-1: Ball
2-1: Called Strike
2-2: Strikes out swinging
Top of the 8th over - 0 runs, 1 hit, 0 errors, 1 left on base; Richmond 20 - Portland 4
BOTTOM OF THE 8TH
Portland Privateers batting - Pitching for Richmond Flairs : RHP Sandro Gonzáles
Now at 1B: Liangde Que
Batting: LHB Dillon Beck 0-0: Fly out, F7 (Flyball, 78S)
Batting: RHB José Balina 0-0: Ground out U3 (Groundball, 34S)
Batting: RHB Joe Bailey 0-0: Ball
1-0: SINGLE (Groundball, 4MD)
Batting: RHB Ramiro Gámez 0-0: Ball
1-0: Called Strike
1-1: SINGLE (Groundball, 56D)
Joe Bailey to second
Batting: RHB Luis Pineda 0-0: Swinging Strike
0-1: Foul Ball, location: 2F
0-2: Ball
1-2: Ball
2-2: Fly out, F9 (Flyball, 9)
Bottom of the 8th over - 0 runs, 2 hits, 0 errors, 2 left on base; Richmond 20 - Portland 4
TOP OF THE 9TH
Richmond Flairs batting - Pitching for Portland Privateers : LHP Josh Chamberlain
Batting: LHB R.J. Courtney 0-0: Called Strike
0-1: Fly out, F9 (Flyball, 9S)
Batting: RHB Robert Marks 0-0: SINGLE (Groundball, 34D)
Batting: RHB Miguel Hernández 0-0: Ball
1-0: Ball
2-0: Ball
3-0: Called Strike
3-1: Foul Ball, location: 2F
3-2: Base on Balls
Robert Marks to second
Batting: RHB Christian Hudson 0-0: SINGLE (Groundball, 3D)
Robert Marks to third
Miguel Hernández to second
Runner from 3rd tries for Home, SAFE, no throw
Batting: RHB Jeff Bane 0-0: Ball
1-0: Called Strike
1-1: Ball
2-1: Ball
3-1: Called Strike
3-2: Strikes out swinging
Batting: LHB Dave Gray 0-0: Called Strike
0-1: Fielders Choice at 2nd, U4 (Groundball, 4M)
Top of the 9th over - 1 run, 2 hits, 0 errors, 2 left on base; Richmond 21 - Portland 4
BOTTOM OF THE 9TH
Portland Privateers batting - Pitching for Richmond Flairs : RHP Sandro Gonzáles
Pitching: RHP Lorenzo Ramos
Batting: SHB José Espinoza 0-0: Called Strike
0-1: Ball
1-1: SINGLE (Line Drive, 9LS)
Batting: RHB Dick Slagboom 0-0: Called Strike
0-1: Foul Ball, location: 2F
0-2: Ball
1-2: Ball
2-2: Fly out, F5 (Popup, 56S)
Batting: LHB Carter Sweet 0-0: Ball
1-0: Grounds into double play, 3-6-3 (Groundball, 3)
Bottom of the 9th over - 0 runs, 1 hit, 0 errors, 0 left on base; Richmond 21 - Portland 4
Saturday, December 16th, 2017 - OOTP Baseball 18.8 Build 76